[Event "Titled Tuesday Blitz November 15 Early 2022"]
[White "Abdusattorov, Nodirbek"]
[Black "Ozen, Bahadir"]
[WhiteFideId "14204118"]
[BlackFideId "6337058"]
[WhiteElo "2665"]
[BlackElo "2503"]
[Result "1/2-1/2"]
[Round "05"]
[TimeControl "180+1"]
[Date "2022.11.15"]
[WhiteClock "0:00:37"]
[BlackClock "0:00:26"]

1. a3 d5 2. Nf3 Nf6 3. d4 e6 4. e3 c5 5. dxc5 Bxc5 6. b4 Be7 7. Bb2 O-O 8. c4 dxc4 9. Qxd8 Rxd8 10. Bxc4 b6 11. Ke2 Bb7 12. Nbd2 Nbd7 13. Rac1 Rac8 14. Bd3 h6 15. Rhd1 Kf8 16. h3 Rxc1 17. Rxc1 Rc8 18. Rxc8+ Bxc8 19. g4 Bb7 20. Nd4 Nd5 21. Bb5 Nb8 22. f4 a6 23. Bd3 Nd7 24. Nc4 Ke8 25. Nb3 Bf8 26. Bd4 Kd8 27. h4 Kc7 28. Ne5 Nxe5 29. Bxe5+ Kd7 30. e4 f6 31. exd5 fxe5 32. dxe6+ Kxe6 33. f5+ Kd7 34. Nd2 Be7 35. h5 b5 36. Be4 Bc8 37. Kd3 Bg5 38. Nb3 Kd6 39. Kc2 Bd7 40. Nc5 Bc8 41. Nd3 Be3 42. Bf3 Bg5 43. Nc5 Be3 44. Ne4+ Ke7 45. Nc3 Kd6 46. Ba8 Bf4 47. Ne2 Be3 48. Kd3 Bg5 49. Nc3 Bf4 50. a4 bxa4 51. Nxa4 Bd7 52. Nc3 Bb5+ 53. Nxb5+ axb5 54. Bb7 Bg5 55. Ba6 Kc6 56. Ke4 Be7 57. Kxe5 Bxb4 58. Ke6 Bc3 59. Kf7 Kc5 60. Bc8 b4 61. Be6 Be5 62. Kg6 Bd4 63. g5 hxg5 64. Kxg5 Be5 65. Kg6 Bd4 66. Kf7 Bb2 67. Bb3 Bd4 68. Ke6 Bb2 69. Ba2 Bc3 70. Bb3 Bb2 71. Bd1 Bc3 72. Be2 b3 73. Bd3 b2 74. Kf7 Bd4 75. Kg6 Kb4 76. h6 gxh6 77. Kxh6 Kc3 78. Be4 Kd2 79. Kg6 Kc1 80. f6 b1=Q 81. Bxb1 Bxf6 1/2-1/2


[Site "https://www.chess.com"]

[Event "Titled Tuesday Blitz November 15 Early 2022"]
[White "Abhishek, Das"]
[Black "Papayan, Oleg"]
[WhiteFideId "5013348"]
[BlackFideId "4193911"]
[WhiteElo "2230"]
[BlackElo "2153"]
[Result "0-1"]
[Round "05"]
[TimeControl "180+1"]
[Date "2022.11.16"]
[WhiteClock "0:01:29"]
[BlackClock "0:02:40"]

1. e4 c5 2. Nc3 d6 3. Bb5+ Nd7 4. a4 Nf6 5. f4 e6 6. Nf3 Be7 7. O-O O-O 8. d3 a6 9. Bc4 b6 10. e5 Ne8 11. exd6 Nxd6 12. Ne4 Nxc4 13. dxc4 Bb7 14. Qe2 Nf6 15. Nc3 Qc7 16. b3 Rad8 17. Bb2 Qxf4 18. Nd5 Bxd5 19. cxd5 Nxd5 20. Ne5 Qe3+ 21. Qxe3 Nxe3 22. Rf2 Rd1+ 0-1


[Site "https://www.chess.com"]

[Event "Titled Tuesday Blitz November 15 Early 2022"]
[White "Abrahamyan, Tatev"]
[Black "Shohat, Yotam"]
[WhiteFideId "13301918"]
[BlackFideId "2813955"]
[WhiteElo "2347"]
[BlackElo "2216"]
[Result "1-0"]
[Round "05"]
[TimeControl "180+1"]
[Date "2022.11.16"]
[WhiteClock "0:00:33"]
[BlackClock "0:00:01"]

1. e4 c5 2. Nf3 d6 3. d4 cxd4 4. Nxd4 Nf6 5. Nc3 a6 6. f3 e6 7. Be3 b5 8. Qd2 Nbd7 9. g4 b4 10. Na4 h6 11. Bc4 d5 12. exd5 exd5 13. Bb3 Ne5 14. O-O-O Be7 15. Bf4 Nc4 16. Qe2 Na5 17. Rhe1 Ra7 18. h4 O-O 19. Kb1 Re8 20. Qg2 Bf8 21. g5 Rxe1 22. Rxe1 Nh5 23. Bc1 hxg5 24. hxg5 Re7 25. Rd1 Bd7 26. f4 Nxb3 27. axb3 Bxa4 28. bxa4 Re4 29. f5 Bc5 30. Nb3 Be7 31. f6 Nxf6 32. gxf6 Bxf6 33. Nc5 Rd4 34. Rh1 Qa5 35. Qh3 g6 36. Qh7+ Kf8 37. Re1 1-0


[Site "https://www.chess.com"]

[Event "Titled Tuesday Blitz November 15 Early 2022"]
[White "Adithya A Chullikkad"]
[Black "Guimaraes, Wagner Peixoto"]
[WhiteFideId "45078734"]
[BlackFideId "2100940"]
[WhiteElo "2106"]
[BlackElo "2231"]
[Result "1-0"]
[Round "05"]
[TimeControl "180+1"]
[Date "2022.11.16"]
[WhiteClock "0:00:19"]
[BlackClock "0:00:18"]

1. e4 c5 2. Bc4 e6 3. Nf3 Nc6 4. c3 a6 5. O-O b5 6. Bd3 Bb7 7. Bc2 d6 8. d4 cxd4 9. Nxd4 Nf6 10. Nxc6 Bxc6 11. Re1 Qc7 12. Bf4 Ng4 13. Qxg4 h5 14. Qe2 h4 15. a4 Qb7 16. axb5 axb5 17. Rxa8+ Qxa8 18. Na3 Qb7 19. Bd3 d5 20. Bxb5 Bxa3 21. Bxc6+ Qxc6 22. bxa3 h3 23. a4 hxg2 24. Qb5 Qxb5 25. axb5 Kd7 26. exd5 exd5 27. Rd1 Ke6 28. b6 Rd8 29. b7 Kf5 30. b8=Q Rxb8 31. Bxb8 Ke4 32. Rd4+ Kf5 33. Rxd5+ Ke6 34. c4 f5 35. Rd6+ Kf7 36. c5 g6 37. c6 f4 38. c7 f3 39. c8=Q g5 40. Qd7+ Kf8 41. Qc8+ Ke7 42. Qc7+ Ke8 43. Rd8# 1-0


[Site "https://www.chess.com"]

[Event "Titled Tuesday Blitz November 15 Early 2022"]
[White "Golubova, Anna"]
[Black "Leiva, Gianmarco"]
[WhiteFideId "24173606"]
[BlackFideId "3804399"]
[WhiteElo "2047"]
[BlackElo "2286"]
[Result "1-0"]
[Round "05"]
[TimeControl "180+1"]
[Date "2022.11.16"]
[WhiteClock "0:01:34"]
[BlackClock "0:01:55"]

1. d4 Nf6 2. Nf3 e6 3. g3 b6 4. Bg2 Bb7 5. O-O Be7 6. c4 O-O 7. d5 exd5 8. Nh4 c6 9. cxd5 Nxd5 10. Nf5 Nc7 11. e4 d5 12. exd5 cxd5 13. Qg4 Ne6 14. Re1 g6 15. Bh6 Re8 16. Nc3 Na6 17. Nxe7+ Rxe7 18. Rad1 Nac7 19. Re5 Re8 20. Nxd5 Nxd5 21. Bxd5 Bxd5 22. Rexd5 Qf6 23. b3 Rad8 24. Rxd8 Rxd8 25. Rc1 g5 26. Qh5 Qxh6 27. Qxh6 1-0


[Site "https://www.chess.com"]

[Event "Titled Tuesday Blitz November 15 Early 2022"]
[White "Alekseenko, Kirill"]
[Black "Caruana, Fabiano"]
[WhiteFideId "4135539"]
[BlackFideId "2020009"]
[WhiteElo "2682"]
[BlackElo "2847"]
[Result "1/2-1/2"]
[Round "05"]
[TimeControl "180+1"]
[Date "2022.11.15"]
[WhiteClock "0:00:17"]
[BlackClock "0:00:11"]

1. e4 e5 2. Nf3 Nc6 3. Bc4 Bc5 4. d3 Nf6 5. Nc3 d6 6. a4 a6 7. h3 h6 8. Be3 Bxe3 9. fxe3 Qe7 10. O-O Be6 11. Nd2 Nd8 12. Qe2 O-O 13. Rf3 c6 14. Bxe6 Nxe6 15. Raf1 Nd7 16. Rg3 b5 17. Qh5 Kh7 18. Rgf3 g6 19. Qg4 Kg7 20. axb5 axb5 21. Ne2 Qg5 22. Qxg5 hxg5 23. g4 Ra2 24. Rb1 Rfa8 25. Nc3 R2a7 26. Nb3 Nb6 27. Rbf1 b4 28. Ne2 Na4 29. Rb1 Nac5 30. Nxc5 Nxc5 31. b3 Ra2 32. Rc1 Rb2 33. Rf2 d5 34. Rcf1 Ra7 35. Ng3 Ne6 36. exd5 cxd5 37. Rc1 Rc7 38. Kh2 d4 39. exd4 Nxd4 40. Ne4 Nxb3 41. Rcf1 Rcxc2 42. Rxc2 Rxc2+ 43. Kg3 Nd2 44. Re1 Nxe4+ 45. Rxe4 b3 46. Rxe5 Rc3 47. Rxg5 Rxd3+ 48. Kg2 Kf6 49. Rb5 g5 50. Rf5+ Kg6 51. Rb5 f6 52. Rb7 Rc3 53. Kh2 Rc2+ 54. Kg3 b2 55. Kf3 Rd2 56. Kg3 Rc2 57. Kf3 Kh6 58. Kg3 Rd2 59. Kf3 Kg6 60. Kg3 Rc2 1/2-1/2


[Site "https://www.chess.com"]

[Event "Titled Tuesday Blitz November 15 Early 2022"]
[White "Alfaro, William"]
[Black "Osiecki, Stanislaw"]
[WhiteFideId "6100457"]
[BlackFideId "1102990"]
[WhiteElo "2096"]
[BlackElo "2088"]
[Result "0-1"]
[Round "05"]
[TimeControl "180+1"]
[Date "2022.11.16"]
[WhiteClock "0:00:04"]
[BlackClock "0:00:22"]

1. e4 e6 2. d4 d5 3. Nc3 Bb4 4. e5 c5 5. a3 Bxc3+ 6. bxc3 Qc7 7. Bd2 Ne7 8. Qg4 O-O 9. h4 cxd4 10. cxd4 Qxc2 11. Nf3 Qe4+ 12. Qxe4 dxe4 13. Ng5 Nbc6 14. Be3 Nf5 15. Rd1 Rd8 16. Nxe4 Nfxd4 17. Bxd4 Rxd4 18. Rxd4 Nxd4 19. Bd3 Bd7 20. O-O Rc8 21. Rd1 Ba4 22. Rd2 h6 23. Bf1 Nc6 24. f4 Rd8 25. Nd6 b6 26. Rd3 Ne7 27. Rd4 Bc6 28. a4 a6 29. Rb4 Nd5 30. Rc4 Bd7 31. Rd4 a5 32. Bb5 Bxb5 33. Nxb5 Rc8 34. Kf2 Rc2+ 35. Kg3 Rb2 36. f5 Rb4 37. Rxb4 axb4 38. fxe6 fxe6 39. Kf3 b3 40. Ke4 b2 41. Na3 Nc3+ 0-1


[Site "https://www.chess.com"]

[Event "Titled Tuesday Blitz November 15 Early 2022"]
[White "Alhadad, Mahmoud"]
[Black "Gedgafov, Chamal"]
[WhiteFideId "11501863"]
[BlackFideId "34130621"]
[WhiteElo "1955"]
[BlackElo "2067"]
[Result "0-1"]
[Round "05"]
[TimeControl "180+1"]
[Date "2022.11.16"]
[WhiteClock "0:01:51"]
[BlackClock "0:02:43"]

1. e4 e6 2. Nc3 d5 3. Nf3 dxe4 4. Nxe4 Nd7 5. d4 Ngf6 6. Bd3 Nxe4 7. Bxe4 Nf6 8. Qe2 Nxe4 9. Qxe4 Qd5 10. Qxd5 exd5 11. Bf4 c6 12. O-O-O f6 13. Rhe1+ Kf7 14. h3 h5 15. c3 g5 16. Bg3 Bf5 17. Kd2 h4 18. Bh2 Bh6 19. Ke2 Rhe8+ 20. Kf1 Be4 21. Nd2 Bc2 22. Rxe8 Rxe8 23. Re1 Bd3+ 24. Re2 Rxe2 0-1


[Site "https://www.chess.com"]

[Event "Titled Tuesday Blitz November 15 Early 2022"]
[White "Andreikin, Dmitry"]
[Black "Mischuk, Dmitry"]
[WhiteFideId "4158814"]
[BlackFideId "14118734"]
[WhiteElo "2736"]
[BlackElo "2256"]
[Result "1/2-1/2"]
[Round "05"]
[TimeControl "180+1"]
[Date "2022.11.15"]
[WhiteClock "0:01:06"]
[BlackClock "0:01:14"]

1. e4 c5 2. Nc3 g6 3. Nf3 Bg7 4. d4 cxd4 5. Nxd4 Nc6 6. Be3 Nf6 7. Bc4 d6 8. h3 O-O 9. O-O Nxe4 10. Nxe4 d5 11. Nxc6 bxc6 12. Bd3 dxe4 13. Bxe4 Rb8 14. Bxa7 Rxb2 15. Qxd8 Rxd8 16. Rad1 Rf8 17. Bc5 Bf6 18. a4 Bf5 19. Rfe1 Bxe4 20. Rxe4 Rxc2 21. Bxe7 Bxe7 22. Rxe7 Ra2 23. Ra7 Re8 24. a5 Kg7 25. a6 Ree2 26. Rf1 Re5 27. Rc1 Ree2 28. Rf1 Re5 29. Rc1 Ree2 30. Rf1 1/2-1/2


[Site "https://www.chess.com"]

[Event "Titled Tuesday Blitz November 15 Early 2022"]
[White "Antonova, Nadezhda"]
[Black "Vargas, Mauricio"]
[WhiteFideId "14700182"]
[BlackFideId "4404572"]
[WhiteElo "1813"]
[BlackElo "2025"]
[Result "0-1"]
[Round "05"]
[TimeControl "180+1"]
[Date "2022.11.16"]
[WhiteClock "0:00:03"]
[BlackClock "0:00:41"]

1. Nf3 Nc6 2. b3 e5 3. Bb2 d6 4. g3 f5 5. Bg2 Nf6 6. d3 g6 7. O-O Bg7 8. c4 O-O 9. Nc3 Nd4 10. e3 Ne6 11. d4 e4 12. Nd2 c6 13. Qc2 Qe8 14. b4 g5 15. d5 Nd8 16. Nb3 Nf7 17. Nd4 Bd7 18. Rad1 g4 19. h4 Rd8 20. dxc6 bxc6 21. b5 c5 22. Nde2 Be6 23. Nd5 Ne5 24. Nxf6+ Bxf6 25. Nf4 Nf3+ 26. Bxf3 gxf3 27. Bxf6 Rxf6 28. Qc3 Qf8 29. a4 Bc8 30. a5 Kf7 31. Rd2 Qh6 32. Rfd1 Rg6 33. Nxg6 Qxg6 34. Kh2 Ke7 35. a6 Qg4 36. Rd5 f4 37. Re5+ dxe5 38. Qxe5+ Be6 39. Qc7+ Rd7 40. Qxc5+ Kf7 0-1


[Site "https://www.chess.com"]

[Event "Titled Tuesday Blitz November 15 Early 2022"]
[White "Atakhan, Abtin"]
[Black "Rodriguez Fontecha, Marcos"]
[WhiteFideId "22502203"]
[BlackFideId "2256576"]
[WhiteElo "2298"]
[BlackElo "2263"]
[Result "1/2-1/2"]
[Round "05"]
[TimeControl "180+1"]
[Date "2022.11.16"]
[WhiteClock "0:00:11"]
[BlackClock "0:00:11"]

1. c4 c6 2. Nf3 d5 3. e3 Nf6 4. Nc3 g6 5. d4 Bg7 6. Be2 O-O 7. O-O a6 8. h3 b5 9. b3 Bb7 10. Ne5 Nbd7 11. f4 Nxe5 12. fxe5 Ne8 13. e4 Nc7 14. Be3 f6 15. exf6 Bxf6 16. e5 Bg7 17. cxd5 cxd5 18. Qd2 Ne6 19. Bg4 Bc8 20. Rxf8+ Nxf8 21. Bf3 Be6 22. Ne2 Kh8 23. Nf4 Bg8 24. Rc1 Rc8 25. Rxc8 Qxc8 26. Bxd5 g5 27. Bxg8 gxf4 28. Bxf4 Kxg8 29. d5 Qc5+ 30. Be3 Qc7 31. d6 Qd7 32. Qd5+ Kh8 33. Bg5 exd6 34. exd6 h6 35. Be7 Ng6 36. Qa8+ Kh7 37. Qe4 a5 38. h4 h5 39. Kh2 a4 40. g3 axb3 41. axb3 Qe8 42. Qe2 Nf8 43. Qd3+ Kh8 44. Bxf8 Bxf8 45. d7 Qd8 46. Qd5 Kg7 47. Qe5+ Kf7 48. Qxh5+ Ke7 49. Qxb5 Qxd7 50. Qxd7+ Kxd7 51. Kh3 Ke6 52. g4 Ke5 53. Kg3 Ke4 54. g5 Kf5 55. Kf3 Bc5 56. Ke2 Bb4 57. Kf3 Be1 58. Ke2 Bxh4 59. Kd3 Bxg5 60. Kc4 Bd8 61. b4 Ke6 62. b5 Kd7 63. Kb4 Kc8 64. Ka4 Kb7 65. Kb4 Kb6 66. Kb3 Be7 67. Kc4 Ka5 68. Kb3 Kxb5 1/2-1/2


[Site "https://www.chess.com"]

[Event "Titled Tuesday Blitz November 15 Early 2022"]
[White "Atakishiyev, Elmar"]
[Black "Ezat, Mohamed"]
[WhiteFideId "13410547"]
[BlackFideId "10600906"]
[WhiteElo "2194"]
[BlackElo "2386"]
[Result "1-0"]
[Round "05"]
[TimeControl "180+1"]
[Date "2022.11.16"]
[WhiteClock "0:00:12"]
[BlackClock "0:00:09"]

1. d4 Nf6 2. c4 g6 3. Nc3 Bg7 4. Bg5 h6 5. Bd2 c5 6. dxc5 Na6 7. Nf3 Nxc5 8. Rc1 d6 9. e3 Nfe4 10. Be2 Nxd2 11. Qxd2 O-O 12. O-O Bf5 13. b4 Ne4 14. Nxe4 Bxe4 15. Nd4 a5 16. a3 axb4 17. axb4 Qb6 18. Bf3 Bxf3 19. Nxf3 Ra4 20. c5 dxc5 21. bxc5 Qc7 22. Qc2 Ra6 23. Rfd1 Rc8 24. h3 Rc6 25. Qe4 Bb2 26. Rc2 Ba3 27. Nd4 Rxc5 28. Nb5 Qc6 29. Qxc6 R8xc6 30. Nxa3 Rxc2 31. Nxc2 Rxc2 32. Rd7 b5 33. Rxe7 b4 34. Rb7 Rb2 35. g4 g5 36. Rb6 Kg7 37. Kg2 b3 38. Kg3 f6 39. f3 Kf7 40. f4 gxf4+ 41. exf4 Rb1 42. f5 Ke7 43. Kh4 Kf7 44. Rb7+ Ke8 45. Kh5 b2 46. Kxh6 Rh1 47. Rxb2 Rxh3+ 48. Kg6 Ke7 49. Rb7+ Kd6 50. Kxf6 Rh7 51. Rxh7 Kd5 52. Rd7+ Ke4 53. Ke6 Kf4 54. f6 Kg5 55. f7 Kh4 56. f8=Q Kg5 57. Qf5+ Kh4 58. Qh5+ Kg3 59. Rd3+ Kf4 60. Qf5# 1-0


[Site "https://www.chess.com"]

[Event "Titled Tuesday Blitz November 15 Early 2022"]
[White "Aumann, Welf"]
[Black "Sariego Figueredo, Wilfredo"]
[WhiteFideId "4634071"]
[BlackFideId "3500080"]
[WhiteElo "2262"]
[BlackElo "2309"]
[Result "1-0"]
[Round "05"]
[TimeControl "180+1"]
[Date "2022.11.16"]
[WhiteClock "0:00:06"]
[BlackClock "0:00:01"]

1. c4 e5 2. Nc3 Bb4 3. Nd5 Bf8 4. d4 c6 5. Nc3 exd4 6. Qxd4 Nf6 7. Bg5 Be7 8. Nf3 O-O 9. e4 d6 10. Be2 Qb6 11. Qxb6 axb6 12. O-O Na6 13. Rfd1 Be6 14. Nd4 h6 15. Bf4 Nc5 16. Nxe6 fxe6 17. Bxd6 Bxd6 18. Rxd6 Rfd8 19. Rad1 Rxd6 20. Rxd6 Nfxe4 21. Nxe4 Nxe4 22. Rxe6 Nc5 23. Re7 Rxa2 24. b4 Ra1+ 25. Bf1 Nb3 26. Rd7 Ra4 27. b5 cxb5 28. cxb5 Nc5 29. Rd6 Kf7 30. f3 Ra2 31. Rxb6 Rb2 32. Bc4+ Kf8 33. h4 Rc2 34. Bd5 Rc1+ 35. Kh2 Rd1 36. Bxb7 Rd4 37. Kg3 g5 38. hxg5 hxg5 39. Bc6 Nd3 40. Rb8+ Kg7 41. b6 Ne5 42. Be4 g4 43. b7 Rb4 44. Re8 gxf3 45. b8=Q Rxb8 46. Rxb8 1-0


[Site "https://www.chess.com"]

[Event "Titled Tuesday Blitz November 15 Early 2022"]
[White "Avazkhonov, Alikhon"]
[Black "Barria Zuniga, Daniel"]
[WhiteFideId "14208504"]
[BlackFideId "3400816"]
[WhiteElo "1739"]
[BlackElo "2414"]
[Result "0-1"]
[Round "05"]
[TimeControl "180+1"]
[Date "2022.11.16"]
[WhiteClock "0:00:01"]
[BlackClock "0:00:04"]

1. d4 g6 2. e4 Bg7 3. Nc3 c5 4. dxc5 Bxc3+ 5. bxc3 Nf6 6. e5 Ne4 7. Bc4 Qa5 8. Ne2 Nxc5 9. Qd5 e6 10. Qd6 Nc6 11. f4 b6 12. a4 Ba6 13. Bxa6 Qxa6 14. Ba3 Qxa4 15. O-O Qc4 16. Nd4 Ne4 17. Qc7 Na5 18. Qxc4 Nxc4 19. Bc1 d6 20. Nb5 Kd7 21. exd6 a6 22. Nc7 Ra7 23. Rxa6 Rxa6 24. Nxa6 Ra8 25. Nb4 Nexd6 26. Rd1 Ke7 27. Kf1 Rc8 28. Ke2 Na5 29. Rd3 Nb5 30. Bd2 Nc4 31. g4 Ncd6 32. Re3 f5 33. g5 Ne4 34. Na2 Na3 0-1


[Site "https://www.chess.com"]

[Event "Titled Tuesday Blitz November 15 Early 2022"]
[White "Averjanov, Alexey"]
[Black "Zaichenko, Daria"]
[WhiteFideId "14109867"]
[BlackFideId "4197453"]
[WhiteElo "2627"]
[BlackElo "2039"]
[Result "1-0"]
[Round "05"]
[TimeControl "180+1"]
[Date "2022.11.16"]
[WhiteClock "0:00:42"]
[BlackClock "0:00:04"]

1. d4 d5 2. c4 e6 3. Nf3 Be7 4. e3 Nf6 5. Nbd2 O-O 6. Bd3 c5 7. b3 Nc6 8. Bb2 cxd4 9. exd4 dxc4 10. bxc4 b6 11. O-O Bb7 12. Rc1 Rc8 13. Qe2 Nb4 14. Bb1 Qd7 15. Ne5 Qa4 16. a3 Nc6 17. Bc2 Qa6 18. Bd3 Nxe5 19. dxe5 Nd7 20. c5 Qa5 21. Nc4 Qa4 22. Nd6 Bxd6 23. cxd6 Nc5 24. Bb5 Qh4 25. Rc4 Qh6 26. Bd4 a6 27. Ba4 Bd5 28. Rb4 a5 29. Bxc5 Rxc5 30. Rxb6 Bc4 31. Qc2 Qg5 32. f4 Qg4 33. Rf2 Rfc8 34. d7 Rd8 35. Bb3 Rxd7 36. Rb8+ Rd8 37. Rxd8# 1-0


[Site "https://www.chess.com"]

[Event "Titled Tuesday Blitz November 15 Early 2022"]
[White "Avila Rodriguez, Joshua Ad"]
[Black "Aponte Ramos, Argimiro"]
[WhiteFideId "5126444"]
[BlackFideId "3900568"]
[WhiteElo "2125"]
[BlackElo "2216"]
[Result "1-0"]
[Round "05"]
[TimeControl "180+1"]
[Date "2022.11.16"]
[WhiteClock "0:00:04"]
[BlackClock "0:00:03"]

1. e4 c5 2. Nf3 Nc6 3. d4 cxd4 4. Nxd4 g6 5. c4 Bh6 6. Nc3 Bxc1 7. Rxc1 d6 8. Be2 Nf6 9. O-O O-O 10. a3 Bd7 11. h3 Nxd4 12. Qxd4 a5 13. Rfd1 Bc6 14. f4 Nd7 15. b4 axb4 16. axb4 Qb6 17. b5 Qxd4+ 18. Rxd4 Nc5 19. bxc6 Nb3 20. cxb7 Rab8 21. Rdd1 Nxc1 22. Rxc1 Rxb7 23. Nb5 Kg7 24. Ra1 h6 25. Kf2 g5 26. g3 gxf4 27. gxf4 Kf6 28. Rg1 Ra8 29. Nc3 e6 30. Nb5 Ke7 31. Rd1 Rb6 32. Rd2 Ra1 33. Bf3 Rc1 34. Be2 Rh1 35. Kg2 Rc1 36. Ra2 Kf6 37. Ra7 Rc2 38. Kf3 d5 39. e5+ Kg7 40. Nd6 Rb3+ 41. Kf2 Rbb2 42. Rxf7+ Kg8 43. cxd5 Rxe2+ 44. Kg3 Rb3+ 45. Kh4 exd5 46. Rf6 d4 47. e6 d3 48. Nf5 d2 49. Rg6+ Kf8 50. e7+ Rxe7 51. Rd6 Re8 52. Rxd2 Rb4 53. Rg2 Kf7 54. Nxh6+ Kf6 55. Rf2 Rh8 56. Kh5 Rb5+ 57. f5 Rb3 58. h4 Rh3 59. Kg4 Rxh4+ 60. Kxh4 Rxh6+ 61. Kg4 Rh7 62. Rc2 Rg7+ 63. Kf4 Ra7 64. Rc6+ Kf7 65. Kg5 Ra5 66. Rc7+ Kf8 67. Kg6 Ra1 68. Rc8+ Ke7 69. f6+ Kd7 70. Rc2 Rg1+ 71. Kf7 Kd6 72. Re2 Kd7 73. Rd2+ Kc6 74. Rd4 Kc7 75. Ke7 Rg2 76. f7 Re2+ 77. Kf6 Rf2+ 78. Ke6 Re2+ 79. Kf5 Re7 80. f8=Q Rf7+ 81. Qxf7+ 1-0


[Site "https://www.chess.com"]

[Event "Titled Tuesday Blitz November 15 Early 2022"]
[White "Bacrot, Etienne"]
[Black "Terry, Renato"]
[WhiteFideId "605506"]
[BlackFideId "3803457"]
[WhiteElo "2666"]
[BlackElo "2577"]
[Result "0-1"]
[Round "05"]
[TimeControl "180+1"]
[Date "2022.11.15"]
[WhiteClock "0:00:09"]
[BlackClock "0:00:05"]

1. e4 e6 2. d4 d5 3. exd5 exd5 4. Nf3 Nc6 5. Bb5 Bd6 6. O-O Ne7 7. c4 dxc4 8. Bxc4 O-O 9. Nc3 Bg4 10. Be3 Nf5 11. h3 Bxf3 12. Qxf3 Ncxd4 13. Bxd4 Nxd4 14. Qxb7 Rb8 15. Qxa7 Rxb2 16. Rad1 c5 17. Ne4 Qe7 18. Qxe7 Bxe7 19. Rfe1 Rfb8 20. Nc3 Bh4 21. Rf1 Rc2 22. Rb1 Rxb1 23. Rxb1 g6 24. Rb7 Rxc3 25. Bxf7+ Kh8 26. g3 Bf6 27. Bd5 g5 28. a4 Ra3 29. Rc7 Rxa4 30. Rc8+ Kg7 31. Rc7+ Kg6 32. Rxc5 Ne2+ 33. Kg2 Nc3 34. Bc4 Ne4 35. Bd3 Rd4 36. Bc2 Kf7 37. Rc7+ Be7 38. Bb3+ Kf8 39. Rc8+ Bd8 40. Bc2 Nf6 41. Rc5 h6 42. Rb5 Ke7 43. Rb7+ Kf8 44. Bb3 Be7 45. Rb8+ Kg7 46. Rb7 Kf8 47. Rb8+ Bd8 48. Rb7 Nd7 49. Ba2 Be7 50. Bb1 Nc5 51. Ra7 Rd2 52. Kf3 Ne6 53. Ke3 Rb2 54. Ra8+ Kg7 55. Bf5 Bc5+ 56. Ke4 Re2+ 57. Kd5 Nc7+ 58. Kxc5 Nxa8 59. f3 Nc7 60. Kc6 Ne8 0-1


[Site "https://www.chess.com"]

[Event "Titled Tuesday Blitz November 15 Early 2022"]
[White "Begunov, Konstantin"]
[Black "Marchesich, Giovanni"]
[WhiteFideId "4118510"]
[BlackFideId "2824790"]
[WhiteElo "2140"]
[BlackElo "2200"]
[Result "0-1"]
[Round "05"]
[TimeControl "180+1"]
[Date "2022.11.16"]
[WhiteClock "0:00:21"]
[BlackClock "0:00:22"]

1. d4 d6 2. e4 g6 3. f3 Bg7 4. Be3 a6 5. c4 e6 6. Nc3 Ne7 7. Qd2 b6 8. h4 h6 9. O-O-O Nd7 10. Kb1 Bb7 11. g3 Kf8 12. h5 g5 13. f4 g4 14. Bg2 Kg8 15. d5 e5 16. Rh4 Nf6 17. fxe5 dxe5 18. c5 bxc5 19. Bxc5 Nc8 20. Nge2 Nd6 21. Rf1 Kh7 22. Qe3 a5 23. Nc1 Ba6 24. Rf2 Rb8 25. Bf1 Bxf1 26. Rxf1 Nc4 27. Qe2 Rxb2+ 28. Qxb2 Nxb2 29. Kxb2 Qb8+ 30. Kc2 Qb7 31. Nd3 Nd7 32. Be3 Bf8 33. Rxg4 f6 34. Rg6 Rg8 35. Rxg8 Kxg8 36. g4 Kg7 37. Rb1 Qa6 38. a4 Bb4 39. Nb5 c6 40. dxc6 Qxc6+ 41. Kb3 Qxe4 42. Bxh6+ Kxh6 43. Rd1 Qf3 44. Kc2 Nc5 45. Nxc5 Qe2+ 46. Kc1 Bxc5 47. Nc3 Qc4 48. Kc2 Bd4 49. Rd3 e4 50. Rh3 e3 51. g5+ fxg5 52. Kd1 Qxc3 53. Ke2 Qd2+ 54. Kf3 Qf2+ 55. Ke4 e2 56. Kd5 e1=Q 57. Rd3 Qf5+ 58. Kc4 Qxd3+ 59. Kxd3 Qc3+ 60. Ke4 Be3 61. Kd5 Qd4+ 62. Ke6 Bf4 63. Kf5 Qe5+ 64. Kg4 Kg7 65. Kf3 g4+ 66. Kxg4 Qg5+ 67. Kf3 Qg3+ 68. Ke4 Kf6 69. Kd5 Qe3 70. Kc4 Ke5 71. Kb5 Kd5 72. Kxa5 Qc5+ 73. Ka6 Bc7 74. Kb7 Qb6+ 75. Kc8 Kd6 76. h6 Qb8# 0-1


[Site "https://www.chess.com"]

[Event "Titled Tuesday Blitz November 15 Early 2022"]
[White "Besedes, Danilo"]
[Black "Injac, Teodora"]
[WhiteFideId "946796"]
[BlackFideId "932400"]
[WhiteElo "2352"]
[BlackElo "2286"]
[Result "1-0"]
[Round "05"]
[TimeControl "180+1"]
[Date "2022.11.16"]
[WhiteClock "0:01:05"]
[BlackClock "0:00:03"]

1. Nf3 Nf6 2. e3 g6 3. g3 Bg7 4. Bg2 O-O 5. O-O d6 6. d4 Nbd7 7. b3 e5 8. Bb2 e4 9. Nfd2 d5 10. c4 c6 11. Nc3 a6 12. b4 Re8 13. a4 h5 14. b5 h4 15. Qb3 Nf8 16. Rfc1 N8h7 17. Ba3 Ng5 18. Ne2 Bg4 19. Nf4 Nf3+ 20. Nxf3 exf3 21. Bf1 hxg3 22. hxg3 g5 23. Nd3 Ne4 24. Qc2 axb5 25. cxb5 Rc8 26. Nc5 Bf5 27. Qb2 Nxc5 28. Rxc5 Be4 29. Rac1 Qf6 30. bxc6 bxc6 31. Qb7 Qf5 32. Rxc6 Rb8 33. Qa6 Rb3 34. Bd6 Qg4 35. Rc8 Rxc8 36. Qxc8+ Qxc8 37. Rxc8+ Kh7 38. Rc1 Rb2 39. Ra1 g4 40. a5 Rb7 41. a6 Ra7 42. Bc5 Ra8 43. a7 Bf6 44. Bb5 1-0


[Site "https://www.chess.com"]

[Event "Titled Tuesday Blitz November 15 Early 2022"]
[White "Bethke, Richard"]
[Black "Kopacz, Grzegorz"]
[WhiteFideId "12959243"]
[BlackFideId "1109880"]
[WhiteElo "2369"]
[BlackElo "2037"]
[Result "1-0"]
[Round "05"]
[TimeControl "180+1"]
[Date "2022.11.16"]
[WhiteClock "0:02:17"]
[BlackClock "0:01:46"]

1. e4 c5 2. Nf3 g6 3. d4 cxd4 4. Qxd4 Nf6 5. e5 Nc6 6. Qa4 Nd5 7. Qe4 Nb6 8. Nc3 Bg7 9. Bb5 O-O 10. O-O d5 11. exd6 Bf5 12. dxe7 Nxe7 13. Qe2 Ned5 14. Nxd5 Nxd5 15. Rd1 Qe7 16. Rxd5 Qxe2 17. Bxe2 Bxc2 18. Rb5 Rfe8 19. Be3 b6 20. Rc1 Ba4 21. Rb4 Bd7 22. Rc7 Be6 23. Bc4 a5 24. Bxe6 Rxe6 25. Rxb6 Rxb6 26. Bxb6 Bxb2 27. h4 a4 28. Bd4 Bxd4 29. Nxd4 Rd8 30. Rc4 a3 31. Ra4 Rd5 32. Nf3 Rd1+ 33. Kh2 Rd3 34. Ra7 Kg7 35. Rxf7+ 1-0


[Site "https://www.chess.com"]

[Event "Titled Tuesday Blitz November 15 Early 2022"]
[White "Bilan, Danila"]
[Black "Onslow, Alfie"]
[WhiteFideId "24161918"]
[BlackFideId "436976"]
[WhiteElo "2173"]
[BlackElo "2015"]
[Result "0-1"]
[Round "05"]
[TimeControl "180+1"]
[Date "2022.11.16"]
[WhiteClock "0:00:02"]
[BlackClock "0:00:24"]

1. d4 d5 2. Nf3 Bf5 3. c4 e6 4. Qb3 Nc6 5. a3 Na5 6. Qa4+ c6 7. c5 b5 8. Qd1 Nf6 9. Bf4 Be7 10. h3 O-O 11. e3 h6 12. Ne5 Nd7 13. Bd3 Nxe5 14. Bxe5 Bxd3 15. Qxd3 Nc4 16. b4 f6 17. Bg3 e5 18. O-O e4 19. Qe2 a5 20. Nd2 Nxd2 21. Qxd2 a4 22. Qe2 f5 23. Be5 Qe8 24. f4 exf3 25. Rxf3 Bg5 26. Raf1 g6 27. Rg3 Qe6 28. Kh2 Kh7 29. Bf4 Bxf4 30. Rxf4 g5 31. Rf1 Rae8 32. Rgf3 Qe4 33. Qf2 Kg6 34. Kg1 h5 35. Kh2 Rf7 36. Kg1 Ref8 37. Qg3 h4 38. Qd6+ Rf6 39. Qh2 f4 40. Kh1 fxe3 41. Rxf6+ Rxf6 42. Rxf6+ Kxf6 43. Qd6+ Kg7 44. Qd7+ Kg6 45. Qxc6+ Kh5 46. Qc8 Qe7 47. Qh8+ Kg6 48. Qg8+ Kf5 49. Qh7+ Qxh7 0-1


[Site "https://www.chess.com"]